AoeStats
← Longoooooo

Nomad

511055058Analyzed
2v2 RM · 5h ago on Oct 3, 2026· 54m 44s· 4 players
Game mode
Random Map
Map size
176×176
Population
200
Speed
Normal
Resources
Standard
Victory
Conquest
Starting age
Dark Age
Ending age
Imperial Age
RankedLock teamsTeams togetherTeam positionsShared explorationLock speedFull tech treeHidden civsTurbo modeCheats
Victory
Defeat
🇺🇸 Britons · United States
905
+13
🇦🇷 Japanese · Argentina
882
+14
🇹🇼 Britons · Taiwan
859
-14
🇩🇪 Persians · Germany
831
-13
kova32ajsk
16:35 Feudal Age
17:52 Wheelbarrow
17:05 Double-Bit Axe
17:39 Stone Mining
17:45 Gold Mining
17:42 Fishing Lines
22:39 Castle Age
24:02 Hand Cart
24:08 Bow Saw
25:03 Medium Warships
25:09 Gillnets
29:11 Gold Shaft Mining
31:33 Imperial Age
30:41 Ballistics
30:33 Clinker Construction
31:01 Fletching
31:12 Padded Archer Armor
31:13 Scale Mail Armor
30:56 Treadmill Crane
32:29 Yeomen
33:41 Chemistry
34:51 Murder Holes
36:29 Heavy Warships
36:35 Town Watch
36:36 Loom
37:16 Conscription
37:21 Masonry
37:35 Carvel Hull
37:21 Siphons
38:16 Careening
38:26 Bodkin Arrow
38:47 Leather Archer Armor
38:48 Chain Mail Armor
39:01 Elite Longbowman
42:05 Town Patrol
47:13 Elite Skirmisher
50:32 Two-Man Saw
50:43 Pikeman
51:23 Squires
52:09 Hoardings
51:35 Warwolf
51:30 Halberdier
53:06 Bracer
53:36 Ring Archer Armor
53:37 Plate Mail Armor
53:17 Forging
palermo9
15:25 Feudal Age
15:35 Man-at-Arms
25:21 Castle Age
24:52 Stone Mining
26:07 Wheelbarrow
27:22 Long Swordsman
28:43 Gambesons
28:56 Gold Mining
30:28 Double-Bit Axe
32:10 Town Watch
34:10 Gold Shaft Mining
34:50 Hand Cart
38:21 Imperial Age
35:37 Loom
36:10 Horse Collar
35:54 Crossbowman
37:05 Town Patrol
38:54 Onager
39:14 Capped Ram
40:22 Two-Handed Swordsman
41:36 Elite Skirmisher
46:35 Chemistry
51:53 Cavalier
52:33 Husbandry
53:32 Scale Barding Armor
53:27 Scale Mail Armor
53:38 Forging
53:18 Fletching
53:29 Padded Archer Armor
ek55
10:19 Loom
16:53 Feudal Age
18:45 Fishing Lines
22:00 Wheelbarrow
22:58 Town Watch
27:06 Castle Age
24:59 Horse Collar
29:23 Medium Warships
31:24 Double-Bit Axe
33:29 Gillnets
37:43 Imperial Age
37:56 Bow Saw
38:59 Fletching
39:32 Ballistics
40:03 Gold Mining
42:27 Chemistry
42:31 Bloodlines
42:23 Husbandry
43:27 Heavy Plow
42:53 Cavalier
43:02 Elite Skirmisher
45:25 Gold Shaft Mining
48:00 Crop Rotation
48:51 Two-Man Saw
48:53 Bodkin Arrow
48:59 Padded Archer Armor
51:43 Scale Barding Armor
51:54 Leather Archer Armor
53:32 Savar
55:16 Chain Barding Armor
Longoooooo
7:20 Loom
18:53 Feudal Age
22:39 Wheelbarrow
21:54 Double-Bit Axe
24:41 Castle Age
25:10 Fletching
26:20 Bodkin Arrow
25:51 Crossbowman
30:55 Gold Mining
31:41 Horse Collar
31:54 Elite Skirmisher
34:08 Town Watch
34:42 Bow Saw
39:15 Imperial Age
38:35 Padded Archer Armor
41:27 Chemistry
41:57 Bracer
Connection lost

Rejoining the realm…

Still unreachable

The connection could not be restored.

Session expired

The server has moved on; the page needs a fresh start.